 Dungeon Crawl Stone Soup version 0.32-a0-900-g30fb1b0edc (webtiles) character file.

Game seed: 4306133311185617641

351 HilariousDeathArtist the Firebug (level 6, 0/82 HPs)
             Began as a Mountain Dwarf Cinder Acolyte on Apr 5, 2024.
             Was a High Priest of Ignis.
             Slain by Ijyb
             ... wielding a +0 club
              (5 damage)
             ... on level 3 of the Dungeon.
             The game lasted 00:04:22 (3211 turns).

HilariousDeathArtist the Firebug (MDCA)             Turns: 3211, Time: 00:04:23

Health: 0/82       AC:  2    Str: 17    XL:     6   Next: 34%
Magic:  2/9        EV: 10    Int: 16    God:    Ignis [*****.]
Gold:   87         SH:  0    Dex:  5    Spells: 7/9 levels left

rFire   + + .        a - staff of fire {rF+}
rCold   . . .        (no shield)
rNeg    . . .        b - +0 robe
rPois   +            (no helmet)
rElec   .            (no cloak)
rCorr   .            (no gloves)
SInv    .            (no boots)
Will    .....        i - amulet of the acrobat Stlth
                     P - ring of poison resistance {rPois, !d}
HPRegen 0.33/turn    (no ring)
MPRegen 0.11/turn

%: acrobat
@: berserking, very quick
A: runic magic, artefact enchanting
a: Renounce Religion, Fiery Armour, Foxfire Swarm, Rising Flame


You were on level 3 of the Dungeon.
You worshipped Ignis.
Ignis was extremely pleased with you.
You visited 1 branch of the dungeon, and saw 3 of its levels.

You collected 87 gold pieces.

Inventory:

Hand Weapons
 c - a -1 spear of flaming
Missiles
 n - 2 poisoned darts
 s - 7 stones
Armour
 b - a +0 robe (worn)
Magical Staves
 a - a staff of fire (weapon) {rF+}
   (You took it off a goblin on level 1 of the Dungeon)
Jewellery
 i - an amulet of the acrobat (around neck)
   (You found it on level 2 of the Dungeon)
 P - a ring of poison resistance (left hand) {rPois, !d}
   (You found it on level 1 of the Dungeon)
Scrolls
 e - a scroll of poison
 h - a scroll of blinking {unknown}
 j - a scroll of enchant weapon {unknown}
 k - 2 scrolls of identify {@r1}
 l - a scroll of revelation {unknown}
 m - a scroll of vulnerability {unknown}
 o - 2 scrolls of enchant armour {unknown}
 p - 3 scrolls of amnesia {unknown}
 q - a scroll of noise {unknown}
Potions
 f - a potion of cancellation {unknown}
 g - a potion of degeneration {unknown}


   Skills:
 + Level 4.9 Fighting
 - Level 3.0(3.4) Polearms
 + Level 2.5(3.4) Staves
 + Level 2.4 Spellcasting
 + Level 5.0 Fire Magic
 + Level 2.6 Evocations


You had 7 spell levels left.
You knew the following spells:

 Your Spells              Type           Power      Damage    Failure   Level
a - Scorch                Fire           54%        2d7       3%          2

Your spell library contained the following spells:

 Spells                   Type           Power      Damage    Failure   Level


Dungeon Overview and Level Annotations

Branches:
Dungeon (3/15)

Altars:
Dithmenos
Sif Muna

Shops:
D:1 :

Annotations:
D:3 Ijyb


Innate Abilities, Weirdness & Mutations

Your spellcasting is much less encumbered by armour.
You can use scrolls of enchantment on lesser artefacts.


Message History

You hit Ijyb but do no damage. The bat barely misses you.
Ijyb hits you with a +0 club.
You take 1 damage, and have 44/55 hp.
You bump into the rock wall.
Ijyb hits you with a +0 club.
You take 1 damage, and have 43/55 hp.
You're too confused to move!
The bat closely misses you. Ijyb hits you with a +0 club.
You take 3 damage, and have 40/55 hp.
You bump into the rock wall.
The bat completely misses you.
A ball python comes into view.
Ijyb zaps a wand.
You resist with some effort.
The ball python hisses angrily.
Ijyb zaps a wand.
Your will is overpowered!
You are more confused.
Unknown command.
The bat attacks as it pursues you! The bat completely misses you. x2
Ijyb attacks as she pursues you! Ijyb barely misses you.
You bump into the rock wall.
Ijyb hits you with a +0 club.
You take 4 damage, and have 37/55 hp.
You bump into the rock wall.
Ijyb grins evilly.
Ijyb hits you with a +0 club.
You take 6 damage, and have 31/55 hp.
You bump into the rock wall.
Ijyb hits you with a +0 club.
You take 4 damage, and have 27/55 hp.
You bump into the rock wall.
Ijyb hits you with a +0 club.
You take 4 damage, and have 23/55 hp.
You bump into the rock wall.
Ijyb barely misses you.
MP restored: 9 You're too confused to move!
Ijyb barely misses you.
You barely miss Ijyb.
Ijyb zaps a wand.
You resist with some effort.
You bump into the rock wall.
You feel less confused. Ijyb closely misses you.
You hit Ijyb.
Ijyb zaps a wand.
You resist with some effort.
You closely miss Ijyb.
Ijyb zaps a wand.
You resist with some effort.
You barely miss Ijyb. Ijyb barely misses you.
You hit Ijyb but do no damage. Ijyb hits you with a +0 club.
You take 2 damage, and have 23/55 hp.
Okay, then.
You closely miss Ijyb.
Ijyb zaps a wand.
You resist with some effort.
You feel a surge of power!
Flames lash Ijyb.
Ijyb's fire resistance burns away.
Ijyb hits you with a +0 club.
You take 4 damage, and have 19/55 hp.
You now have 7/9 mp.
You feel a surge of power!
Flames lash the ball python.
You kill the ball python!
Ijyb zaps a wand.
You resist with some effort.
You now have 5/9 mp.
You feel a surge of power!
Flames lash the bat.
You kill the bat!
Ijyb is no longer more vulnerable to fire.
Ijyb hits you with a +0 club.
* * * LOW HITPOINT WARNING * * *
You take 4 damage, and have 16/55 hp.
You now have 3/9 mp.
You feel a surge of power!
Flames lash Ijyb.
Ijyb's fire resistance burns away.
Ijyb misses you.
You now have 1/9 mp.
You don't have enough magic to cast this spell.
You hit Ijyb.
Ijyb zaps a wand.
You resist with some effort.
You hit Ijyb but do no damage. Ijyb hits you with a +0 club.
* * * LOW HITPOINT WARNING * * *
You take 5 damage, and have 12/55 hp.
You closely miss Ijyb.
Ijyb is no longer more vulnerable to fire.
Ijyb zaps a wand.
You resist with some effort.
You hit Ijyb but do no damage. Ijyb hits you with a +0 club.
* * * LOW HITPOINT WARNING * * *
You take 5 damage, and have 7/55 hp.
It was a potion of berserk rage.
A red film seems to cover your vision as you go berserk!
You feel yourself moving faster!
You feel mighty! Ijyb hits you with a +0 club.
* * * LOW HITPOINT WARNING * * *
You now have 10/82 hp.
You barely miss Ijyb. Ijyb hits you with a +0 club.
* * * LOW HITPOINT WARNING * * *
You take 5 damage, and have 5/82 hp.
You completely miss Ijyb. You barely miss Ijyb. Ijyb hits you with a +0 club.
* * * LOW HITPOINT WARNING * * *
You take 1 damage, and have 4/82 hp.
You barely miss Ijyb. You closely miss Ijyb. Ijyb hits you with a +0 club.
You die...
Ijyb screams, "Time for next experiment!"
Ignis goes out, and joins you in death.

######### #.......# #
######.#####.# ####
#.........##.# #..†
#.##.#..#.##.# #.##
#.##.#†.#....######.##
#.##..................
#.#####.##########....
#....@g.# #....
#######†# #.... ....
#.... .#.#... #....
#.#.#..... #.... . ..#
.... #.... #. ### ....
##>## # ... #... #.##


You could see Ijyb.

Vanquished Creatures
  Sigmund (D:2)
  A bullfrog (D:3)
  4 gnolls (D:2)
  3 adders (D:2)
  A dart slug (D:1)
  A ribbon worm (D:3)
  2 orcs
  5 ball pythons
  3 endoplasms
  5 giant cockroaches
  11 goblins
  6 hobgoblins
  3 jackals (D:1)
  A kobold (D:1)
  A quokka (D:2)
  4 bats
  2 frilled lizards
  6 rats
60 creatures vanquished.

Notes
Turn   | Place    | Note
-------+----------+-------------------------------------------
     0 | D:1      | HilariousDeathArtist the Mountain Dwarf Cinder Acolyte
                  | began the quest for the Orb.
     0 | D:1      | Reached XP level 1. HP: 19/19 MP: 2/2
   179 | D:1      | Reached XP level 2. HP: 23/27 MP: 3/3
   182 | D:1      | Learned a level 2 spell: Scorch
   209 | D:1      | Found Moyk's Book Emporium.
   219 | D:1      | Reached skill level 4 in Fighting
   570 | D:1      | Reached XP level 3. HP: 33/33 MP: 1/5
   744 | D:1      | Reached skill level 4 in Fire Magic
  1702 | D:2      | Reached skill level 1 in Staves
  1702 | D:2      | Reached skill level 1 in Evocations
  1751 | D:2      | Reached XP level 4. HP: 40/40 MP: 1/6
  2265 | D:2      | Noticed Sigmund
  2301 | D:2      | Killed Sigmund
  2302 | D:2      | Reached skill level 2 in Staves
  2302 | D:2      | Reached skill level 2 in Spellcasting
  2302 | D:2      | Reached skill level 2 in Evocations
  2302 | D:2      | Reached XP level 5. HP: 21/47 MP: 1/8
  2302 | D:2      | Reached XP level 6. HP: 25/55 MP: 1/9
  2894 | D:3      | Found a shadowy altar of Dithmenos.
  3039 | D:3      | Found a shimmering blue altar of Sif Muna.
  3076 | D:3      | Reached skill level 5 in Fire Magic
  3150 | D:3      | Noticed Ijyb
  3203 | D:3      | HP: 12/55 [Ijyb/+0 club (5)]
  3207 | D:3      | HP: 5/82 [Ijyb/+0 club (5)]
  3211 | D:3      | Slain by Ijyb

Illustrated notes

Levels and vault maps discovered:
D:1:      dpeg_arrival_rhombi, layout_loops_ring, serial_shops, shop
D:2:      layout_basic, uniq_sigmund
D:3:      layout_loops_cross, grunt_dithmenos_smoke_and_mirrors,
          lemuel_blue_sif_altar, chequers_serial_rivers_micro_a, uniq_ijyb

Skill      XL: |  1  2  3  4  5  6 |
---------------+-------------------+-----
Fighting       | 4 |  4.9
Fire Magic     | 4 5 |  5.0
Staves         | 1 2 |  2.5
Evocations     | 1 2 |  2.6
Spellcasting   | 2 |  2.4
Polearms       | |  3.0

Action                     |  1- 3 |  4- 6 || total
---------------------------+-------+-------++-------
  Melee: Spear             |    60 |       ||    60
         Staff             |    29 |    40 ||    69
  Throw: Stone             |     1 |       ||     1
   Cast: Scorch            |    27 |    31 ||    58
    Use: Scroll            |       |     1 ||     1
         Potion            |       |     1 ||     1
 Armour: Robe              |    47 |    36 ||    83
  Dodge: Dodged            |    51 |    30 ||    81

Table legend: (Time is in decaauts)
 A = Elapsed time spent in this place.
 B = Non-inter-level travel time spent in this place.
 C = Inter-level travel time spent in this place.
 D = Time resting spent in this place.
 E = Time spent auto-exploring this place.
 F = Levels seen in this place.
 G = Mean time per level.
                   A        B        C        D        E       F      G
               +--------+--------+--------+--------+--------+-----+--------+
         Total |   3209 |   3163 |     46 |      3 |   2690 |   3 | 1069.7 |
       Dungeon |   3209 |   3163 |     46 |      3 |   2690 |   3 | 1069.7 |
               +--------+--------+--------+--------+--------+-----+--------+

Top non-repeatable levels by time:
     D:2: 1504 daAuts
     D:1: 1068 daAuts
     D:3: 636 daAuts

Levels and vault maps discovered:
D:1:      dpeg_arrival_rhombi, layout_loops_ring, serial_shops, shop
D:2:      layout_basic, uniq_sigmund
D:3:      layout_loops_cross, grunt_dithmenos_smoke_and_mirrors,
          lemuel_blue_sif_altar, chequers_serial_rivers_micro_a, uniq_ijyb

Table legend: (Time is in decaauts)
 A = Elapsed time spent in this place.
 B = Non-inter-level travel time spent in this place.
 C = Inter-level travel time spent in this place.
 D = Time resting spent in this place.
 E = Time spent auto-exploring this place.
 F = Levels seen in this place.
 G = Mean time per level.
                   A        B        C        D        E       F      G
               +--------+--------+--------+--------+--------+-----+--------+
         Total |   3209 |   3163 |     46 |      3 |   2690 |   3 | 1069.7 |
       Dungeon |   3209 |   3163 |     46 |      3 |   2690 |   3 | 1069.7 |
               +--------+--------+--------+--------+--------+-----+--------+

Top non-repeatable levels by time:
     D:2: 1504 daAuts
     D:1: 1068 daAuts
     D:3: 636 daAuts

Table legend:
 A = Kills in this place as a percentage of kills in the entire game.
 B = Kills by you in this place as a percentage of kills by you in the entire game.
 C = Kills by friends in this place as a percentage of kills by friends in the entire game.
 D = Other kills in this place as a percentage of other kills in the entire game.
 E = Experience gained in this place as a percentage of experience gained in the entire game.
 F = Experience gained in this place divided by the number of levels of this place that you have seen.
                   A       B       C       D       E      F
               +-------+-------+-------+-------+-------+----------------------
         Total | 100.0 | 100.0 |   N/A |   N/A | 100.0 | 167.3
       Dungeon | 100.0 | 100.0 |   N/A |   N/A | 100.0 | 167.3
               +-------+-------+-------+-------+-------+----------------------
